 Dungeon Crawl Stone Soup version 0.23-a0-389-g4a5eb33 (webtiles) character file.

2912 Ijustatesigmund the Thaumaturge (level 9, -11/66 HPs)
             Began as a Gnoll Wizard on Oct 29, 2018.
             Mangled by an orc warrior
             ... wielding a +0 short sword
              (18 damage)
             ... on level 8 of the Dungeon.
             The game lasted 00:23:37 (8997 turns).

Ijustatesigmund the Thaumaturge (Gnoll Wizard)      Turns: 8997, Time: 00:23:37

Health: -11/66     AC: 12    Str: 10 (11) XL:     9   Next: 78%
Magic:  15/30      EV: 15    Int: 23      God:
Gold:   67         SH:  0    Dex: 13      Spells: 16/25 levels left

rFire    + . .     SeeInvis .   g - +3 dagger (elec)
rCold    + . .     Gourm    .   (no shield)
rNeg     + + .     Faith    .   D - +2 leather armour {rC+}
rPois    .         Spirit   .   b - +0 hat
rElec    .         Reflect  .   k - scarf {cloud immunity}
rCorr    .         Harm     .   o - +2 pair of gloves
MR       +....     Rnd*Rage +   r - +2 pair of boots of Hairiness {rF+ rN++ Dex-4}
Stlth    +++.......             (no amulet)
HPRegen  0.21/turn              E - ring of Noing {Wiz Dex+6}
MPRegen  0.22/turn              i - ring of magical power

@: no status effects
A: distributed training, fangs 1, berserk 1, clumsy 1, deterioration 1, magic
resistance 1, strong nose
a: no special abilities


You were on level 8 of the Dungeon.
You were not hungry.

You visited 1 branch of the dungeon, and saw 8 of its levels.

You collected 437 gold pieces.
You spent 370 gold pieces at shops.

Inventory:

Hand Weapons
 g - a +3 dagger of electrocution (weapon)
 w - a +0 falchion of holy wrath
 x - a +1 shortbow of flaming
Missiles
 y - 85 arrows
Armour
 b - a +0 hat (worn)
 k - a scarf of cloud immunity (worn)
 o - a +2 pair of gloves (worn)
 r - the +2 pair of boots of Hairiness (worn) {rF+ rN++ Dex-4}
   (You found it on level 7 of the Dungeon)

   It affects your dexterity (-4).
   It protects you from fire.
   It greatly protects you from negative energy.
 D - a +2 leather armour of cold resistance (worn)
Jewellery
 a - an uncursed ring of protection from fire
 i - a ring of magical power (right hand)
 j - an uncursed ring of protection from magic
 n - a +5 ring of intelligence
 E - the ring of Noing (left hand) {Wiz Dex+6}
   (You took it off an orc on level 7 of the Dungeon)

   [ring of wizardry]

   It improves your spell success rate.
   It affects your dexterity (+6).
Wands
 u - a wand of disintegration (17)
 A - a wand of digging (6)
 H - a wand of acid (7)
Scrolls
 e - 3 scrolls of blinking
 f - 4 scrolls of identify
 h - 4 scrolls of remove curse
 l - 4 scrolls of teleportation
 s - 2 scrolls of amnesia
 G - a scroll of fog
Potions
 c - a potion of heal wounds
 m - a potion of haste
 p - a potion of might
 q - a potion of cancellation
 t - 4 potions of curing
 v - a potion of flight
 z - a potion of lignification {unknown}
 B - a potion of magic
 J - a potion of ambrosia
Comestibles
 d - 13 rations
 I - 2 chunks of flesh


   Skills:
 + Level 4.5 Fighting
 + Level 4.5 Short Blades
 + Level 4.5 Long Blades
 + Level 4.5 Axes
 + Level 4.5 Maces & Flails
 + Level 4.5 Polearms
 + Level 4.5 Staves
 + Level 4.5 Slings
 + Level 4.5 Bows
 + Level 4.5 Crossbows
 + Level 4.5 Throwing
 + Level 4.5 Armour
 + Level 6.5 Dodging
 + Level 6.2 Stealth
 + Level 4.5 Shields
 + Level 4.5 Unarmed Combat
 + Level 8.5 Spellcasting
 + Level 4.3 Conjurations
 + Level 3.7 Hexes
 + Level 3.7 Charms
 + Level 4.3 Summonings
 + Level 3.7 Necromancy
 + Level 4.3 Translocations
 + Level 3.7 Transmutations
 + Level 3.7 Fire Magic
 + Level 3.7 Ice Magic
 + Level 3.7 Air Magic
 + Level 3.7 Earth Magic
 + Level 3.7 Poison Magic
 + Level 5.0 Invocations
 + Level 4.5 Evocations


You had 16 spell levels left.
You knew the following spells:

 Your Spells              Type           Power        Failure   Level  Hunger
a - Magic Dart            Conj           ####         1%          1    None
b - Blink                 Tloc           N/A          1%          2    None
c - Mephitic Cloud        Conj/Pois/Air  ####....     2%          3    None
d - Conjure Flame         Conj/Fire      ####....     1%          3    None

Your spell library contained the following spells:

 Spells                   Type           Power        Failure   Level  Hunger
 Call Imp                 Summ           ####....     1%          2    None
 Slow                     Hex            ####....     1%          2    None


Dungeon Overview and Level Annotations

Branches:
Dungeon (8/15)             Temple (0/1) D:6
   Lair: D:8-11

Altars:
Makhleb
Uskayaw
Xom
The Shining One

Shops:
D:5 ![[[   D:7 }


Innate Abilities, Weirdness & Mutations

Your experience applies equally to all skills.
You have very sharp teeth.
Your uncanny sense of smell can sniff out nearby items.
You tend to lose your temper in combat.
You are clumsy. (Dex -2)
Your body sometimes deteriorates upon taking damage.
You are resistant to hostile enchantments. (MR+)


Message History

Aiming: Magic Dart (safe; 1% risk of failure)
Press: ? - help, Shift-Dir - straight line, f/p - orc warrior
Aim: an orc warrior, wielding a +0 short sword and wearing a +0 chain mail The magic dart hits the orc warrior.
The orc warrior is heavily wounded.
The hound bites you but does no damage.
The orc warrior hits you with a +0 short sword.
* * * LOW HITPOINT WARNING * * *
The hippogriff closely misses you. x2
The hippogriff claws you but does no damage.
The orc barely misses you. The hound misses you.
Casting: Magic Dart (safe; 1% risk of failure)
Confirm with . or Enter, or press ? or * to list all spells.
Aiming: Magic Dart (safe; 1% risk of failure)
Press: ? - help, Shift-Dir - straight line, f/p - orc warrior
Aim: an orc warrior, wielding a +0 short sword and wearing a +0 chain mail The magic dart hits the orc warrior.
The orc warrior is heavily wounded.
The orc warrior hits you with a +0 short sword!!
You die...

.............÷÷.....
....._.[..........<.....
.....................#..
............##......##..
...........###......#...
....%...................
.).......##.............
.........#..............
......o@(...............
.....oHh##..............
........#...............
#.......#........[......
##......................
#......................
.†#....#................
....#..###...........##.
>.###.#...#..#.


You could see a hippogriff, an orc warrior, a hound and an orc.

Vanquished Creatures
  Eustachio (D:6)
  Menkaure (D:6)
  A hungry ghost (D:7)
  2 orc warriors (D:7)
  A water moccasin (D:7)
  A phantom (D:7)
  A sky beast (D:5)
  2 centaurs
  2 ogres (D:4)
  A big kobold (D:7)
  5 bullfrogs
  A wyvern skeleton (D:6)
  A scorpion (D:6)
  A howler monkey (D:4)
  8 crimson imps
  A bullfrog zombie (D:6)
  A centaur zombie (D:8)
  A centaur skeleton (D:6)
  3 hounds
  2 jellies
  An orc priest (D:5)
  4 orc wizards
  3 iguanas
  7 worker ants
  A hound skeleton (D:4)
  A worker ant zombie (D:5)
  3 gnolls (D:5)
  8 adders
  A howler monkey skeleton (D:4)
  A shadow imp (D:7)
  An ooze (D:6)
  2 adder zombies (D:5)
  An adder skeleton (D:4)
  3 worms
  6 leopard geckos
  26 orcs
  3 ball pythons
  12 bats
  5 giant cockroaches
  8 goblins
  7 hobgoblins
  4 jackals
  4 quokkas
  7 frilled lizards
  10 kobolds
  A leopard gecko skeleton (D:7)
  8 rats
175 creatures vanquished.

Notes
Turn   | Place    | Note
-------+----------+-------------------------------------------
     0 | D:1      | Ijustatesigmund the Gnoll Wizard began the quest for the
                  | Orb.
     0 | D:1      | Reached XP level 1. HP: 13/13 MP: 8/8
   274 | D:1      | Reached XP level 2. HP: 14/19 MP: 0/10
   278 | D:1      | Learned a level 2 spell: Blink
   875 | D:1      | Reached XP level 3. HP: 25/25 MP: 3/11
  1718 | D:2      | Reached skill level 1 in Invocations
  2687 | D:3      | Reached skill level 1 in Fighting
  2687 | D:3      | Reached skill level 1 in Short Blades
  2687 | D:3      | Reached skill level 1 in Long Blades
  2687 | D:3      | Reached skill level 1 in Axes
  2687 | D:3      | Reached skill level 1 in Maces & Flails
  2687 | D:3      | Reached skill level 1 in Polearms
  2687 | D:3      | Reached skill level 1 in Staves
  2687 | D:3      | Reached skill level 1 in Slings
  2687 | D:3      | Reached skill level 1 in Bows
  2687 | D:3      | Reached skill level 1 in Crossbows
  2687 | D:3      | Reached skill level 1 in Throwing
  2687 | D:3      | Reached skill level 1 in Armour
  2687 | D:3      | Reached skill level 1 in Shields
  2687 | D:3      | Reached skill level 1 in Unarmed Combat
  2687 | D:3      | Reached skill level 1 in Evocations
  2759 | D:3      | Reached XP level 4. HP: 32/32 MP: 13/13
  3549 | D:3      | Reached skill level 1 in Hexes
  3549 | D:3      | Reached skill level 1 in Charms
  3549 | D:3      | Reached skill level 1 in Necromancy
  3549 | D:3      | Reached skill level 1 in Transmutations
  3549 | D:3      | Reached skill level 1 in Fire Magic
  3549 | D:3      | Reached skill level 1 in Ice Magic
  3549 | D:3      | Reached skill level 1 in Air Magic
  3549 | D:3      | Reached skill level 1 in Earth Magic
  3549 | D:3      | Reached skill level 1 in Poison Magic
  3549 | D:3      | Reached XP level 5. HP: 37/37 MP: 14/14
  3693 | D:4      | Noticed an ogre
  4372 | D:4      | Killed an ogre
  4372 | D:4      | Reached XP level 6. HP: 38/44 MP: 7/16
  4572 | D:4      | Reached skill level 5 in Dodging
  4737 | D:4      | Learned a level 3 spell: Mephitic Cloud
  4795 | D:4      | Reached XP level 7. HP: 30/50 MP: 15/18
  5461 | D:5      | Entered Level 5 of the Dungeon
  5555 | D:5      | You fall through a shaft for 2 floors!
  5580 | D:7      | Noticed a hungry ghost
  5589 | D:7      | Killed a hungry ghost
  5589 | D:7      | Reached skill level 5 in Stealth
  5606 | D:7      | Reached XP level 8. HP: 36/57 MP: 12/19
  5679 | D:6      | Found a staircase to the Ecumenical Temple.
  5700 | D:6      | Noticed Eustachio
  5733 | D:6      | Killed Eustachio
  5757 | D:6      | Found a shimmering altar of Xom.
  5758 | D:6      | Found a shimmering altar of Xom.
  5759 | D:6      | Found a shimmering altar of Xom.
  5760 | D:6      | Found a shimmering altar of Xom.
  5760 | D:6      | Found a shimmering altar of Xom.
  5860 | D:5      | Reached skill level 8 in Spellcasting
  6010 | D:5      | Found Gufoqod's Weapon Emporium.
  6174 | D:5      | Found Paecw's Distillery.
  6177 | D:5      | Bought a potion of heal wounds for 55 gold pieces
  6229 | D:5      | Found Iferoul's Antique Armour Shoppe.
  6232 | D:5      | Found Rabid's Antique Armour Shop.
  6235 | D:5      | Bought a runed leather armour for 125 gold pieces
  6253 | D:5      | Found Muc Kole's Antique Armour Shoppe.
  6267 | D:5      | Found a glowing golden altar of the Shining One.
  6407 | D:5      | Reached XP level 9. HP: 65/65 MP: 21/21
  6847 | D:6      | Noticed Menkaure
  6864 | D:6      | Killed Menkaure
  7168 | D:6      | Found a burning altar of Makhleb.
  7695 | D:7      | Identified the ring of Noing {Wiz Dex+6}
  8287 | D:7      | Learned a level 3 spell: Conjure Flame
  8401 | D:5      | Bought a faintly humming cloak for 190 gold pieces
  8406 | D:5      | Identified the -2 cloak "Udghivox" {rC+ MR+} (You bought it
                  | in a shop on level 5 of the Dungeon)
  8498 | D:7      | Found Aqiutal's Gadget Emporium.
  8836 | D:7      | Got a pair of smoking boots
  8842 | D:7      | Identified the +2 pair of boots of Hairiness {rF+ rN++
                  | Dex-4} (You found it on level 7 of the Dungeon)
  8931 | D:8      | Gained mutation: You are clumsy. (Dex -2) [potion of
                  | mutation]
  8931 | D:8      | Gained mutation: Your body sometimes deteriorates upon
                  | taking damage. [potion of mutation]
  8931 | D:8      | Gained mutation: You tend to lose your temper in combat.
                  | [potion of mutation]
  8931 | D:8      | Gained mutation: You are resistant to hostile enchantments.
                  | (MR+) [potion of mutation]
  8971 | D:8      | Found a hide-covered altar of Uskayaw.
  8990 | D:8      | Reached skill level 5 in Invocations
  8997 | D:8      | Mangled by an orc warrior

Vault maps used:
D:1:      saegor_arrival_simple_d, minmay_close_crescents
D:2:      first_ration
D:3:      minmay_diamond_boxcup
D:4:      glass_columns_a, minmay_liquid_box
D:5:      basic_altar, serial_shops, shop_statue, nicolae_shop_behind_doors,
          shop, kennysheep_mini, nicolae_shop_overgrown_old_shop,
          enter_ossuary_1
D:6:      marbit_many_paths, minmay_temple_entry_trees, xom_redecorated,
          uniq_menkaure, uniq_eustachio
D:7:      serial_shops, nicolae_shop_window_shopping
D:8:      basic_altar, serial_column_ruins, column_ruins_square_small,
          column_ruins_corridor_dead_end, column_ruins_open_large,
          column_ruins_open_tiny, column_ruins_columns_T, column_ruins_open_tiny

Skill      XL: |  1  2  3  4  5  6  7  8  9 |
---------------+----------------------------+-----
Conjurations   | 2 3 4 |  4.3
Summonings     | 2 3 4 |  4.3
Translocations | 2 3 4 |  4.3
Invocations    | 1 2 3 4 5 |  5.0
Fighting       | 1 2 3 4 |  4.5
Short Blades   | 1 2 3 4 |  4.5
Long Blades    | 1 2 3 4 |  4.5
Axes           | 1 2 3 4 |  4.5
Maces & Flails | 1 2 3 4 |  4.5
Polearms       | 1 2 3 4 |  4.5
Staves         | 1 2 3 4 |  4.5
Slings         | 1 2 3 4 |  4.5
Bows           | 1 2 3 4 |  4.5
Crossbows      | 1 2 3 4 |  4.5
Throwing       | 1 2 3 4 |  4.5
Armour         | 1 2 3 4 |  4.5
Shields        | 1 2 3 4 |  4.5
Unarmed Combat | 1 2 3 4 |  4.5
Evocations     | 1 2 3 4 |  4.5
Hexes          | 1 2 3 |  3.7
Charms         | 1 2 3 |  3.7
Necromancy     | 1 2 3 |  3.7
Transmutations | 1 2 3 |  3.7
Fire Magic     | 1 2 3 |  3.7
Ice Magic      | 1 2 3 |  3.7
Air Magic      | 1 2 3 |  3.7
Earth Magic    | 1 2 3 |  3.7
Poison Magic   | 1 2 3 |  3.7
Dodging        | 5 6 |  6.5
Stealth        | 5 6 |  6.2
Spellcasting   | 8 |  8.5

Action                   |  1- 3 |  4- 6 |  7- 9 || total
-------------------------+-------+-------+-------++-------
Melee: Unarmed           |     3 |       |       ||     3
       Hand axe          |     9 |       |       ||     9
       Bite              |     1 |     1 |     4 ||     6
       Dagger            |       |     6 |    46 ||    52
 Cast: Magic Dart        |    93 |   133 |   405 ||   631
       Blink             |     1 |       |       ||     1
       Mephitic Cloud    |       |       |     5 ||     5
  Use: Scroll            |     8 |     1 |    13 ||    22
       Potion            |       |     3 |     2 ||     5
 Stab: Sleeping          |     2 |       |     3 ||     5
  Eat: Chunk             |     2 |     3 |     9 ||    14
       Ration            |     1 |     1 |     2 ||     4
Armor: Robe              |     4 |       |       ||     4
       Leather armour    |       |    13 |    39 ||    52
Dodge: Dodged            |    23 |    43 |   155 ||   221

Table legend:
 A = Non-vault XP
 B = Vault XP
 C = Vault XP percentage of total XP
 D = Non-vault monster count
 E = Vault monster count
 F = Vault count percentage of total count
                 A         B        C        D         E       F
            +---------+---------+-------+---------+---------+-------
      Total |    3734 |     427 |  10.3 |     161 |      14 |   8.0
            +---------+---------+-------+---------+---------+-------
        D:1 |      44 |       6 |  12.0 |      27 |       4 |  12.9
        D:2 |      21 |       0 |   0.0 |      10 |       0 |   0.0
        D:3 |      83 |      53 |  39.0 |      21 |       8 |  27.6
        D:4 |     576 |       0 |   0.0 |      20 |       0 |   0.0
        D:5 |     907 |       0 |   0.0 |      29 |       0 |   0.0
        D:6 |     556 |     368 |  39.8 |      18 |       2 |  10.0
        D:7 |    1393 |       0 |   0.0 |      27 |       0 |   0.0
        D:8 |     154 |       0 |   0.0 |       9 |       0 |   0.0
            +---------+---------+-------+---------+---------+-------
